 Dungeon Crawl Stone Soup version 0.30.1-11-g7821555f0a (webtiles) character file.

Game seed: 12077037517862629053

275389 jfcaron the Brawler (level 20, 0/155 (163) HPs)
             Began as a Gnoll Berserker on Nov 19, 2023.
             Was the Champion of Trog.
             Slain by a deep elf blademaster
             ... wielding a +0 rapier
              (7 damage)
             ... on level 3 of the Elven Halls on Nov 20, 2023.
             The game lasted 02:18:28 (48471 turns).

jfcaron the Brawler (Gnoll Berserker)              Turns: 48471, Time: 02:18:29

HP:   0/155 (163)   AC: 38    Str: 37    XL:     20   Next: 34%
MP:   38/38         EV: 15    Int:  9    God:    Trog [******]
Gold: 367           SH: 19    Dex: 11    Spells: 47/47 levels left

rFire   + . .        a - +3 broad axe (freeze)
rCold   . . .        Y - +2 kite shield
rNeg    + . .        C - +4 pearl dragon scales
rPois   +            j - +0 helmet "Ummy" {rF+ Int+4}
rElec   +            x - +0 cloak
rCorr   .            i - +2 pair of gloves
SInv    .            n - +1 pair of boots
Will    +....        g - amulet of reflection
Stlth   +++++        P - ring "Weet Pou" {Drain rElec rPois AC+4 Str+7}
HPRegen 0.45/turn    X - +4 ring of protection
MPRegen 0.26/turn

%: reflection
@: studying 3 skills, lightly drained
A: fangs 1, strong nose, distributed training, strong 1, wild magic 1
}: 2/15 runes: decaying, gossamer
a: Renounce Religion, Berserk, Trog's Hand, Brothers in Arms


You were on level 3 of the Elven Halls.
You worshipped Trog.
Trog was exalted by your worship.
You visited 6 branches of the dungeon, and saw 33 of its levels.
You visited 1 bazaar.
You also visited: Ossuary and Ice Cave.

You collected 4373 gold pieces.
You spent 4006 gold pieces at shops.

Inventory:

Hand Weapons
 a - a +3 broad axe of freezing (weapon)
   (You bought it in a shop on level 2 of the Orcish Mines)
 b - the +7 hand crossbow "Umuokk" {drain, Dex+6}
   (You bought it in a shop on level 2 of the Orcish Mines)

   Dex:       It affects your dexterity (+6).
 f - a +3 morningstar of freezing
   (You took it off a wight on level 8 of the Dungeon)
Missiles
 l - 9 atropa-tipped darts {!f}
 o - 2 throwing nets {!f}
 s - 4 curare-tipped darts {!f}
 J - 6 javelins
 Q - 4 boomerangs
Armour
 i - a +2 pair of gloves (worn)
 j - the +0 helmet "Ummy" (worn) {rF+ Int+4}
   (You found it on level 2 of the Dungeon)

   Int:       It affects your intelligence (+4).
   rF:        It protects you from fire.
 n - a +1 pair of boots (worn)
 x - a +0 cloak (worn)
 C - +4 pearl dragon scales (worn)
 K - a scarf of resistance
   (You found it in an ice cave)
 Y - a +2 kite shield (worn)
Jewellery
 g - an amulet of reflection (around neck)
   (You found it in an ice cave)
 F - a ring of see invisible
 N - a ring of protection from cold
   (You found it in an ice cave)
 P - the ring "Weet Pou" (left hand) {Drain rElec rPois AC+4 Str+7}
   (You bought it in a shop on level 7 of the Dungeon)

   [ring of protection]

   AC:        It affects your AC (+4).
   Str:       It affects your strength (+7).
   rElec:     It insulates you from electricity.
   rPois:     It protects you from poison.
   Drain:     It drains your maximum health when unequipped.
 X - a +4 ring of protection (right hand)
   (You found it on level 10 of the Dungeon)
Wands
 r - a wand of roots (7)
 A - a wand of polymorph (13)
 E - a wand of charming (12)
   (You found it on level 14 of the Dungeon)
 H - a wand of mindburst (16)
 M - a wand of acid (35)
   (You found it on level 4 of the Dungeon)
Scrolls
 m - a scroll of blinking
 q - 5 scrolls of immolation
 t - 7 scrolls of fear
 y - 2 scrolls of vulnerability
 z - 5 scrolls of magic mapping
 D - 2 scrolls of butterflies
 L - 8 scrolls of poison
 R - a scroll of fog
 W - 18 scrolls of teleportation
Potions
 c - 3 potions of mutation
 d - 7 potions of lignification
 e - a potion of might
 h - 4 potions of cancellation
 k - 7 potions of haste
 p - 10 potions of ambrosia
 u - 4 potions of resistance
 v - 6 potions of flight
 w - 5 potions of berserk rage
 G - 3 potions of magic
 I - 2 potions of heal wounds
 S - 14 potions of curing
 U - 5 potions of attraction
 V - 5 potions of invisibility
Miscellaneous
 B - a lightning rod (2/4)
   (You found it on level 1 of the Spider Nest)
 O - a phantom mirror (inert)
   (You found it on level 5 of the Lair of Beasts)
 T - a condenser vane (inert)
   (You found it on level 5 of the Lair of Beasts)
 Z - a box of beasts (inert)
   (You found it on level 3 of the Swamp)


   Skills:
 + Level 15.4 Fighting
 + Level 14.1 Short Blades
 + Level 14.1 Long Blades
 + Level 15.4 Axes
 + Level 14.1 Maces & Flails
 + Level 14.1 Polearms
 + Level 14.1 Staves
 + Level 14.1 Ranged Weapons
 + Level 14.1 Throwing
 + Level 14.8 Armour
 + Level 14.8 Dodging
 + Level 17.2 Stealth
 + Level 14.1 Shields
 + Level 19.3 Unarmed Combat
 + Level 14.1 Spellcasting
 + Level 12.0 Conjurations
 + Level 12.0 Hexes
 + Level 12.0 Summonings
 + Level 12.0 Necromancy
 + Level 12.0 Translocations
 + Level 12.0 Transmutations
 + Level 12.0 Fire Magic
 + Level 12.0 Ice Magic
 + Level 12.0 Air Magic
 + Level 12.0 Earth Magic
 + Level 14.3 Poison Magic
 + Level 15.3 Invocations
 + Level 14.1 Evocations


You had 47 spell levels left.
You didn't know any spells.
Your spell library contained the following spells:

 Spells                   Type           Power      Damage    Failure   Level
 Apportation              Tloc           72%        N/A       1%          1
 Beastly Appendage        Tmut           72%        N/A       1%          1
 Kiss of Death            Conj/Necr      100%       2d13      1%          1
 Magic Dart               Conj           100%       1d8       1%          1
 Necrotise                Necr           100%       1d9       1%          1
 Sandblast                Erth           72%        2d16      1%          1
 Summon Small Mammal      Summ           100%       N/A       1%          1
 Call Imp                 Summ           72%        N/A       1%          2
 Cigotuvi's Dreadful Rot  Necr/Pois/Air  76%        N/A       1%          2
 Ensorcelled Hibernation  Hex/Ice        72%        N/A       1%          2
 Passwall                 Tmut/Erth      30%        N/A       1%          2
 Searing Ray              Conj           72%        2d7       1%          2
 Static Discharge         Conj/Air       72%        2-5/arc   1%          2
 Sublimation of Blood     Necr           36%        N/A       1%          2
 Call Canine Familiar     Summ           36%        N/A       1%          3
 Frozen Ramparts          Ice            72%        1d11      1%          3
 Hailstorm                Conj/Ice       36%        3d9       1%          3
 Ignite Poison            Fire/Tmut/Pois 38%        N/A       1%          3
 Inner Flame              Hex/Fire       36%        N/A       1%          3
 Mephitic Cloud           Conj/Pois/Air  38%        N/A       1%          3
 Ozocubu's Armour         Ice            36%        N/A       1%          3
 Stone Arrow              Conj/Erth      72%        3d11      1%          3
 Summon Guardian Golem    Hex/Summ       36%        N/A       1%          3
 Swiftness                Air            36%        N/A       1%          3
 Vhi's Electric Charge    Tloc/Air       72%        N/A       1%          3
 Airstrike                Air            18%        2d(3-19)  3%          4
 Anguish                  Hex/Necr       18%        N/A       3%          4
 Animate Dead             Necr           36%        N/A       3%          4
 Fulminant Prism          Conj/Hex       18%        3d10      3%          4
 Ice Form                 Ice/Tmut       36%        N/A       3%          4
 Petrify                  Tmut/Erth      36%        N/A       3%          4
 Summon Ice Beast         Ice/Summ       36%        N/A       3%          4
 Summon Lightning Spire   Summ/Air       36%        N/A       3%          4
 Alistair's Intoxication  Tmut/Pois      26%        N/A       4%          5
 Arcjolt                  Conj/Air       18%        1d28      7%          5
 Freezing Cloud           Conj/Ice/Air   18%        6-21      7%          5
 Irradiate                Conj/Tmut      18%        3d17      7%          5
 Metabolic Englaciation   Hex/Ice        18%        N/A       7%          5
 Summon Forest            Summ/Tloc      18%        N/A       7%          5
 Yara's Violent Unravell  Hex/Tmut       18%        3d9       7%          5
 Eringya's Noxious Bog    Tmut/Pois      19%        N/A       21%         6
 Plasma Beam              Fire/Air       18%        2x1d32    30%         6
 Simulacrum               Ice/Necr       18%        N/A       30%         6
 Statue Form              Tmut/Erth      24%        N/A       30%         6
 Enfeeble                 Hex            18%        N/A       83%         7
 Haunt                    Necr/Summ      18%        N/A       83%         7
 Malign Gateway           Summ/Tloc      18%        N/A       83%         7
 Ozocubu's Refrigeration  Ice            18%        4d11      83%         7
 Summon Hydra             Summ           18%        N/A       83%         7
 Infestation              Necr           18%        N/A       100%        8
 Maxwell's Capacitive Co  Air            18%        ∞         100%        8
 Summon Horrible Things   Summ           18%        N/A       100%        8
 Dragon's Call            Summ           18%        N/A       100%        9


Dungeon Overview and Level Annotations

Branches:
Dungeon (15/15)            Temple (0/1) D:4            Lair (5/5) D:8
  Swamp (4/4) Lair:3       Spider (4/4) Lair:2        Slime (0/5) Lair:4
    Orc (2/2) D:11            Elf (3/3) Orc:2        Vaults (0/5) D:14
 Depths (0/4) D:15        Ossuary (visited)           IceCv (visited)

Altars:
Ashenzari
Cheibriados
Dithmenos
Hepliaklqana
Kikubaaqudgha
Makhleb
Nemelex Xobeh
Okawaru
Qazlal
Sif Muna
Trog
Wu Jian
Yredelemnul
Jiyva

Shops:
D:1 (   D:7 =   D:9 :   D:11 [   Orc:2 (=*=(   Elf:1 [   Elf:2 :


Innate Abilities, Weirdness & Mutations

You have very sharp teeth.
Your uncanny sense of smell can sniff out nearby items.
Your experience applies equally to all skills.
Your muscles are strong. (Str +4, Int/Dex -1)
Your spells are a little harder to cast, but a little more powerful.


Message History

* * * LOW HITPOINT WARNING * * *
You block the deep elf annihilator's attack.
The deep elf annihilator attacks as you move away!
You block the deep elf annihilator's attack.
You feel sick.
The deep elf blademaster hits you with a +0 rapier.
* * * LOW HITPOINT WARNING * * *
You block the deep elf blademaster's attack.
The deep elf blademaster hits you but does no damage.
You block the deep elf blademaster's attack.
The deep elf annihilator barely misses your deep elf blademaster.
Things that are here:
a +0 rapier; an elf corpse
Okay, then.
Unknown command.
Blink to where?
Press: ? - help, Dir - move target, p - deep elf blademaster
As you read the scroll of blinking, it crumbles to dust.
You feel sick.
As you read the scroll of fog, it crumbles to dust.
The scroll dissolves into smoke.
You feel sick.
You feel sick.
You feel sick.
You feel sick.
You are no longer poisoned.
Things that are here:
a +0 plate armour; a +0 glaive of freezing Your deep elf blademaster shimmers and vanishes!
You block the deep elf blademaster's attack.
The deep elf blademaster hits you with a +0 rapier!!
* * * LOW HITPOINT WARNING * * *
Aiming: Fastroot
Press: ? - help, Shift-Dir - straight line, f - deep elf blademaster
Aim: a deep elf blademaster, wielding two +0 rapiers and wearing a +0 plate armour (lightly wounded)
The roots erupt in riotous growth!
Roots grab the deep elf blademaster.
The grasping roots constrict the deep elf blademaster!
You block the deep elf blademaster's attack.
The deep elf blademaster hits you with a +0 rapier!
You die...

#...# ##.....## #...##
#.....<.# .....## ########
##.....## ......# ##......##
##....## .)....#
#........###.#...# .....##
##......###.##...# #...##
###.#####.####### #...# #.#
##.## #...# #.###@## ##.##
#.##e##
##.#########.#.###########
................[...§§§§.##
##.#########.#######§§§§..###
#.# ##..# #.§§§§§....# ##.#
##.#.# #.§§§§§....# ##.#
##.##.# ###§§§§..### .#.#
##.###.# ##§...##


You could see a deep elf blademaster (rooted).

Vanquished Creatures
  Jorgrun (Swamp:1)
  An ancient champion (Elf:3)
  2 thorn hunters
  The ghost of jpeg9000 the Fighter, an adept DsGl of Nemelex Xobeh (Elf:1)
  A fenstrider witch (Swamp:3)
  Roxanne (Spider:2)
  A deep elf sorcerer (Elf:2)
  3 emperor scorpions
  3 ghost moths (Spider:4)
  An orc warlord (Orc:2)
  3 deep elf elementalists
  2 ghouls (Elf:3)
  6 broodmothers
  The ghost of Azazsd the Grappler, a journeyman TrMo of Zin (Lair:4)
  2 vampire knights
  A deep elf demonologist (Elf:1)
  A purple draconian (Spider:2)
  3 eleionomae
  8 bunyips
  Snorg (D:13)
  A white draconian (IceCv)
  A jiangshi (Elf:3)
  4 deep elf death magi
  3 eidola (Elf:3)
  3 spectral elves (Elf:3)
  A fire dragon (D:12)
  5 entropy weavers
  Harold (D:11)
  2 ice dragons
  A catoblepas (D:15)
  15 hydras
  A rakshasa (D:14)
  8 centaur warriors
  A jorogumo (Spider:2)
  2 radroaches
  2 ghost crabs (Swamp:2)
  An ogre mage (D:15)
  A death knight (D:13)
  10 alligators
  28 dancing weapons
  The ghost of rozman the Protected, a novice AtFi of Cheibriados (D:10)
  5 boulder beetles
  8 two-headed ogres
  A death scarab (Spider:4)
  4 orc high priests (Orc:2)
  Urug (D:14)
  13 deep elf knights
  A skyshark (Lair:3)
  Nergalle (Lair:1)
  A sun moth (Spider:2)
  5 skeletal warriors
  12 pharaoh ants
  6 goliath frogs
  A flayed ghost (Elf:3)
  3 spriggan druids
  An obsidian statue (D:14)
  5 orb spiders
  12 deep elf archers
  An orc knight (Orc:1)
  13 bog bodies
  A phantasmal warrior (D:13)
  Pikel (D:8)
  9 steelbarb worms
  14 swamp dragons
  4 wizards (D:15)
  A lindwurm (Lair:3)
  A necromancer (D:15)
  2 wolf spider zombies (D:15)
  25 ugly things
  32 deep elf pyromancers
  34 deep elf zephyrmancers
  33 wolf spiders
  2 orc sorcerers (Orc:2)
  8 will-o-the-wisps
  A spectral centaur (D:15)
  3 oklob plants (Lair:4)
  4 manticores
  8 cyclopes
  10 moths of wrath
  3 black mambas
  Maurice (Orc:1)
  2 centaur zombies (D:15)
  5 elephants
  6 torpor snails
  5 demonic crawlers
  2 ice statues (IceCv)
  3 unseen horrors
  18 cane toads
  A gargoyle (D:10)
  4 centaur skeletons (D:15)
  5 rime drakes
  5 komodo dragons
  A redback zombie (D:15)
  A freezing wraith (D:13)
  A tengu conjurer (D:13)
  The ghost of Azazsd the Chopper, an amateur MiBe of Trog (D:6)
  3 bloated husks
  5 trolls
  2 queen bees
  4 polar bears
  15 tyrant leeches
  11 hornets
  Grinder (D:6)
  7 meliai
  22 tarantellas
  21 blink frogs
  6 dream sheep (Lair:4)
  2 flying skulls (Elf:3)
  6 slime creatures (D:14)
  40 jumping spiders
  27 culicivoras
  A water elemental (Elf:3)
  A spriggan (shapeshifter) (D:14)
  8 spriggans
  3 vampires
  An air elemental (Elf:3)
  4 wyverns
  A wraith (Ossuary)
  2 fire bats (Lair:5)
  37 yaks
  16 humans (D:14)
  Eustachio (D:6)
  3 steam dragons
  50 redbacks
  4 fire elementals
  5 basilisks
  14 vampire mosquitoes
  Menkaure (D:7)
  A harpy simulacrum (D:14)
  A warg (Orc:1)
  An acid dragon (D:13)
  15 swamp worms
  10 water moccasins
  11 swamp drakes
  24 orc warriors
  3 black bears
  A sky beast (D:8)
  10 centaurs
  9 ogres
  29 wolves
  A boggart (D:9)
  2 elf simulacra (Elf:3)
  Blork the orc (D:4)
  An elf zombie (Ossuary)
  3 lemures (D:8)
  3 kobold brigands
  A phantom (D:5)
  19 bullfrogs
  An earth elemental (Elf:1)
  2 gnoll sergeants
  A necrophage (D:8)
  4 scorpions
  7 wights
  4 lindwurm simulacra (IceCv)
  36 killer bees
  7 electric eels
  3 howler monkeys
  6 komodo dragon simulacra (IceCv)
  4 hounds
  18 orc priests
  3 sleepcaps
  A gnoll bouda (D:6)
  6 iguanas
  32 orc wizards
  A hound skeleton (D:8)
  3 mummies (Ossuary)
  24 gnolls
  2 acid dragon simulacra (IceCv)
  7 adders
  A shadow imp (D:8)
  2 white imps (D:8)
  2 ufetubi
  9 steam dragon simulacra (IceCv)
  A worm (D:4)
  4 dart slugs
  99 orcs
  7 endoplasms
  2 giant cockroaches
  A gnoll zombie (Ossuary)
  4 goblins
  10 hobgoblins
  21 kobolds
  2 quokkas (D:4)
  3 training dummies (Orc:2)
  4 ball pythons
  6 bats
  3 frilled lizards
  5 goblin zombies
  5 hobgoblin zombies (Ossuary)
  A kobold zombie (Ossuary)
  A quokka zombie (D:7)
  3 rats
  29 foxfires
  3 lost souls (Elf:3)
  A spectral weapon (D:10)
1357 creatures vanquished.

Notes
Turn   | Place    | Note
-------+----------+-------------------------------------------
     0 | D:1      | jfcaron the Gnoll Berserker began the quest for the Orb.
     0 | D:1      | Reached XP level 1. HP: 23/23 MP: 1/1
    64 | D:1      | Found Xeqeo's Weapon Shoppe.
   107 | D:1      | Reached XP level 2. HP: 26/29 MP: 2/2
   259 | D:1      | You fall into a shaft and drop 1 floor!
   300 | D:2      | Identified the +0 helmet "Ummy" {rF+ Int+4}
   452 | D:1      | Reached ** piety under Trog
   727 | D:2      | Reached XP level 3. HP: 35/35 MP: 3/3
   810 | D:2      | Reached skill level 1 in Invocations
   935 | D:2      | Reached skill level 1 in Short Blades
   935 | D:2      | Reached skill level 1 in Long Blades
   935 | D:2      | Reached skill level 1 in Maces & Flails
   935 | D:2      | Reached skill level 1 in Polearms
   935 | D:2      | Reached skill level 1 in Staves
   935 | D:2      | Reached skill level 1 in Ranged Weapons
   935 | D:2      | Reached skill level 1 in Throwing
   935 | D:2      | Reached skill level 1 in Stealth
   935 | D:2      | Reached skill level 1 in Shields
   935 | D:2      | Reached skill level 1 in Unarmed Combat
   935 | D:2      | Reached skill level 1 in Spellcasting
   935 | D:2      | Reached skill level 1 in Evocations
  1015 | D:2      | Reached XP level 4. HP: 32/41 MP: 5/5
  1157 | D:2      | Reached skill level 1 in Conjurations
  1157 | D:2      | Reached skill level 1 in Hexes
  1157 | D:2      | Reached skill level 1 in Summonings
  1157 | D:2      | Reached skill level 1 in Necromancy
  1157 | D:2      | Reached skill level 1 in Translocations
  1157 | D:2      | Reached skill level 1 in Transmutations
  1157 | D:2      | Reached skill level 1 in Fire Magic
  1157 | D:2      | Reached skill level 1 in Ice Magic
  1157 | D:2      | Reached skill level 1 in Air Magic
  1157 | D:2      | Reached skill level 1 in Earth Magic
  1157 | D:2      | Reached skill level 1 in Poison Magic
  1280 | D:3      | Noticed a black bear
  1294 | D:3      | Killed a black bear
  1295 | D:3      | Reached XP level 5. HP: 47/47 MP: 5/7
  1419 | D:3      | Found a shimmering blue altar of Sif Muna.
  1419 | D:3      | Found a snail-covered altar of Cheibriados.
  1465 | D:3      | Reached XP level 6. HP: 45/53 MP: 8/8
  2069 | D:4      | Reached skill level 5 in Armour
  2069 | D:4      | Reached skill level 5 in Dodging
  2069 | D:4      | Reached skill level 2 in Unarmed Combat
  2303 | D:4      | Noticed Blork the orc
  2337 | D:4      | Killed Blork the orc
  2338 | D:4      | Reached XP level 7. HP: 60/60 MP: 10/10
  2432 | D:4      | Found a staircase to the Ecumenical Temple.
  2595 | D:5      | Entered Level 5 of the Dungeon
  2851 | D:5      | Noticed a yak
  2865 | D:5      | Noticed a yak
  2867 | D:5      | Noticed a yak
  2877 | D:5      | Killed a yak
  2877 | D:5      | Reached *** piety under Trog
  2878 | D:5      | Reached skill level 3 in Unarmed Combat
  2889 | D:5      | Killed a yak
  2890 | D:5      | Reached XP level 8. HP: 55/67 MP: 12/12
  2893 | D:5      | Killed a yak
  3012 | D:5      | Found an ancient bone altar of Kikubaaqudgha.
  3017 | D:5      | Found a shadowy altar of Dithmenos.
  3050 | D:5      | Reached skill level 4 in Unarmed Combat
  3762 | D:6      | Found a runed translucent door.
  3766 | D:6      | Noticed a cyclops
  3766 | D:6      | Noticed Azazsd's ghost (amateur MiBe)
  3824 | D:6      | Reached skill level 5 in Unarmed Combat
  3834 | D:6      | Reached XP level 9. HP: 34/73 MP: 14/14
  4006 | D:6      | Found a sparkling altar of Nemelex Xobeh.
  4045 | D:6      | Found a hazy altar of Hepliaklqana.
  4051 | D:6      | Noticed Grinder
  4052 | D:6      | Paralysed by Grinder for 5 turns
  4068 | D:6      | Killed Grinder
  4123 | D:6      | Noticed Eustachio
  4146 | D:6      | Killed Eustachio
  4542 | D:7      | Reached skill level 6 in Unarmed Combat
  4568 | D:7      | Found a sand-covered staircase.
  4576 | Ossuary  | Entered an ossuary
  4591 | Ossuary  | Reached **** piety under Trog
  4814 | Ossuary  | Reached skill level 5 in Invocations
  5506 | D:7      | Found a bloodstained altar of Trog.
  5514 | D:7      | Noticed Menkaure
  5516 | D:7      | Killed Menkaure
  5517 | D:7      | Reached skill level 5 in Short Blades
  5517 | D:7      | Reached skill level 5 in Long Blades
  5517 | D:7      | Reached skill level 5 in Maces & Flails
  5517 | D:7      | Reached skill level 5 in Polearms
  5517 | D:7      | Reached skill level 5 in Staves
  5517 | D:7      | Reached skill level 5 in Ranged Weapons
  5517 | D:7      | Reached skill level 5 in Throwing
  5517 | D:7      | Reached skill level 5 in Stealth
  5517 | D:7      | Reached skill level 5 in Shields
  5517 | D:7      | Reached skill level 5 in Spellcasting
  5517 | D:7      | Reached skill level 5 in Evocations
  5517 | D:7      | Reached XP level 10. HP: 81/81 MP: 17/17
  5520 | D:7      | Found Lercha Utuwem's Jewellery Shop.
  5931 | D:8      | Reached skill level 7 in Unarmed Combat
  6310 | D:8      | Found a staircase to the Lair.
  6349 | D:8      | Found a burning altar of Makhleb.
  6442 | D:8      | Noticed Pikel
  6458 | D:8      | Killed Pikel
  6626 | D:8      | Noticed a two-headed ogre
  6633 | D:8      | Killed a two-headed ogre
  6837 | D:8      | Reached skill level 8 in Unarmed Combat
  6888 | D:8      | Noticed a centaur warrior
  7227 | D:8      | HP: 8/82 [centaur warrior/+0 falchion (14)]
  7229 | D:8      | Killed a centaur warrior
  7542 | D:8      | Reached ***** piety under Trog
  7543 | D:8      | Reached skill level 5 in Conjurations
  7543 | D:8      | Reached skill level 5 in Hexes
  7543 | D:8      | Reached skill level 5 in Summonings
  7543 | D:8      | Reached skill level 5 in Necromancy
  7543 | D:8      | Reached skill level 5 in Translocations
  7543 | D:8      | Reached skill level 5 in Transmutations
  7543 | D:8      | Reached skill level 5 in Fire Magic
  7543 | D:8      | Reached skill level 5 in Ice Magic
  7543 | D:8      | Reached skill level 5 in Air Magic
  7543 | D:8      | Reached skill level 5 in Earth Magic
  7543 | D:8      | Reached skill level 5 in Poison Magic
  7631 | D:8      | Reached XP level 11. HP: 89/89 MP: 20/20
  7743 | D:8      | Found a broken altar of Ashenzari.
  8000 | D:8      | Found a basalt altar of Yredelemnul.
  8006 | D:8      | Found a stormy altar of Qazlal.
  8011 | D:8      | Found an iron altar of Okawaru.
  8323 | D:9      | Noticed a centaur warrior
  8342 | D:8      | Killed a centaur warrior
  8417 | D:9      | Identified the +5 flail of Destiny {spect, *Slow rPois
                  | Int+2}
  8516 | D:9      | Reached skill level 9 in Unarmed Combat
  8999 | D:9      | Found Riphouv's Book Emporium.
  9675 | D:10     | Entered Level 10 of the Dungeon
  9743 | D:10     | Received a gift from Trog
  9881 | D:10     | Noticed a two-headed ogre
  9895 | D:10     | Killed a two-headed ogre
 10246 | D:10     | Noticed rozman's ghost (novice AtFi)
 10272 | D:10     | Identified the +0 scale mail of Xanuit {Rampage Regen+
                  | Str+7 Int-5}
 10287 | D:10     | Found a transporter.
 10292 | D:10     | Found a transporter.
 10425 | D:10     | Found an ornate altar of the Wu Jian Council.
 10591 | D:10     | Killed rozman's ghost
 10852 | D:11     | Noticed a brown ugly thing
 10864 | D:11     | Reached XP level 12. HP: 82/97 MP: 22/22
 10883 | D:11     | Reached skill level 10 in Unarmed Combat
 11019 | D:11     | Found a staircase to the Orcish Mines.
 11045 | D:11     | Noticed Harold
 11064 | D:11     | Killed Harold
 11218 | D:11     | Found Cyrghent's Antique Armour Boutique.
 11576 | Orc:1    | Entered Level 1 of the Orcish Mines
 11673 | Orc:1    | Reached skill level 10 in Fighting
 11673 | Orc:1    | Reached skill level 10 in Axes
 11947 | Orc:1    | Noticed Maurice
 11980 | Orc:1    | Killed Maurice
 12032 | Orc:1    | Found a bloodstained altar of Trog.
 12289 | D:7      | Bought the ring "Weet Pou" {Drain rElec rPois AC+4 Str+7}
                  | for 822 gold pieces
 12405 | Orc:2    | Entered Level 2 of the Orcish Mines
 12405 | Orc:2    | Noticed an orc warlord
 12466 | Orc:2    | Killed an orc warlord
 12467 | Orc:2    | Found a frozen archway.
 12467 | Orc:2    | Noticed an ice dragon
 12494 | Orc:2    | Killed an ice dragon
 12552 | IceCv    | Entered an ice cave
 12894 | IceCv    | Reached skill level 11 in Unarmed Combat
 13079 | IceCv    | Noticed a white draconian
 13093 | IceCv    | Killed a white draconian
 13255 | IceCv    | Reached XP level 13. HP: 95/104 MP: 25/25
 13578 | Orc:2    | Found Xuxok's Firing Range.
 13659 | Orc:2    | Found a staircase to the Elven Halls.
 13891 | Orc:2    | Received a gift from Trog
 14576 | Orc:2    | Found Noxut's Jewellery Emporium.
 14576 | Orc:2    | Found Raputok's General Store.
 14577 | Orc:2    | Found Rechux's Antique Weapon Shoppe.
 14582 | Orc:2    | Found Xezxel's Jewellery Shoppe.
 14868 | Orc:2    | Bought a broad axe for 108 gold pieces
 15047 | D:6      | Killed Azazsd's ghost
 15055 | D:6      | Identified the amulet "Byfuacs" {Faith -Tele Harm rC++}
 15133 | Lair:1   | Entered Level 1 of the Lair of Beasts
 15133 | Lair:1   | Noticed Nergalle
 15147 | Lair:1   | Killed Nergalle
 15435 | Lair:1   | Reached skill level 12 in Unarmed Combat
 15609 | Lair:1   | Received a gift from Trog
 15627 | Lair:1   | Reached skill level 10 in Armour
 15627 | Lair:1   | Reached skill level 10 in Dodging
 16644 | Lair:2   | Found a hole to the Spider Nest.
 17581 | Lair:3   | Reached XP level 14. HP: 113/113 MP: 27/27
 17587 | Lair:3   | Reached skill level 10 in Invocations
 17772 | Lair:3   | Received a gift from Trog
 18227 | Lair:3   | Found a staircase to the Swamp.
 18579 | Lair:4   | Found a large runed translucent door.
 18579 | Lair:4   | Found a large runed translucent door.
 18763 | Lair:4   | Noticed Azazsd's ghost (journeyman TrMo)
 18927 | Lair:4   | Found a viscous altar of Jiyva.
 18927 | Lair:4   | Found a staircase to the Slime Pits.
 19204 | Lair:4   | Reached skill level 13 in Unarmed Combat
 19443 | Lair:5   | Entered Level 5 of the Lair of Beasts
 20542 | Lair:5   | Reached ****** piety under Trog
 20761 | Lair:5   | Identified the +3 chain mail of Duty {rElec rPois MP+9
                  | Int-5}
 21421 | Lair:4   | Killed Azazsd's ghost
 21873 | Orc:2    | Bought 3 stones for 4 gold pieces
 21873 | Orc:2    | Bought a manual of Stealth for 1280 gold pieces
 22371 | D:12     | Reached skill level 10 in Stealth
 22661 | D:12     | Identified the +11 lajatang "Moigru" {flame, rPois rF+}
                  | (Trog gifted it to you on level 12 of the Dungeon)
 22661 | D:12     | Received a gift from Trog
 22662 | D:12     | Reached skill level 10 in Short Blades
 22662 | D:12     | Reached skill level 10 in Long Blades
 22662 | D:12     | Reached skill level 10 in Maces & Flails
 22662 | D:12     | Reached skill level 10 in Polearms
 22662 | D:12     | Reached skill level 10 in Staves
 22662 | D:12     | Reached skill level 10 in Ranged Weapons
 22662 | D:12     | Reached skill level 10 in Throwing
 22662 | D:12     | Reached skill level 10 in Shields
 22662 | D:12     | Reached skill level 10 in Spellcasting
 22662 | D:12     | Reached skill level 10 in Evocations
 22978 | D:13     | Noticed Snorg
 23001 | D:13     | Killed Snorg
 23114 | D:13     | Reached XP level 15. HP: 31/120 MP: 29/29
 23748 | D:13     | Reached skill level 14 in Unarmed Combat
 24124 | D:14     | Noticed Urug
 24124 | D:14     | Found a gate to the Vaults.
 24158 | D:14     | Killed Urug
 24380 | D:14     | Received a gift from Trog
 25317 | D:15     | Entered Level 15 of the Dungeon
 25618 | D:15     | Found a staircase to the Depths.
 25813 | D:15     | Reached XP level 16. HP: 82/129 MP: 30/30
 25967 | D:15     | Reached skill level 15 in Unarmed Combat
 26383 | D:15     | Received a gift from Trog
 27082 | Spider:1 | Entered Level 1 of the Spider Nest
 27913 | Spider:1 | Gained mutation: You are clumsy. (Dex -2) [mutagenic glow]
 27927 | Spider:1 | Gained mutation: You are frail. (-10% HP) [mutagenic glow]
 28125 | Spider:1 | Reached skill level 10 in Poison Magic
 29836 | Spider:1 | Received a gift from Trog
 31496 | Spider:2 | Reached skill level 16 in Unarmed Combat
 31573 | Spider:2 | Reached XP level 17. HP: 122/123 MP: 32/32
 31579 | Spider:2 | Noticed Frances
 31587 | Spider:2 | Frances changed into Frances the purple draconian
 31587 | Spider:2 | Noticed Frances
 31604 | Spider:2 | Killed Frances the purple draconian
 31883 | Spider:2 | Noticed Roxanne
 32030 | Spider:2 | Reached skill level 10 in Conjurations
 32030 | Spider:2 | Reached skill level 10 in Hexes
 32030 | Spider:2 | Reached skill level 10 in Summonings
 32030 | Spider:2 | Reached skill level 10 in Necromancy
 32030 | Spider:2 | Reached skill level 10 in Translocations
 32030 | Spider:2 | Reached skill level 10 in Transmutations
 32030 | Spider:2 | Reached skill level 10 in Fire Magic
 32030 | Spider:2 | Reached skill level 10 in Ice Magic
 32030 | Spider:2 | Reached skill level 10 in Air Magic
 32030 | Spider:2 | Reached skill level 10 in Earth Magic
 32090 | Spider:2 | Noticed Louise
 32096 | Spider:2 | Louise changed into Louise the bunyip
 32096 | Spider:2 | Noticed Louise
 32110 | Spider:2 | Killed Louise the bunyip
 32423 | Spider:2 | Identified the +4 ring mail "Hihoeb" {Rampage rF+ Int-2
                  | Dex+3}
 32789 | Spider:2 | Killed Roxanne
 34100 | Spider:4 | Entered Level 4 of the Spider Nest
 34630 | Spider:4 | Received a gift from Trog
 35919 | Spider:4 | Reached skill level 17 in Unarmed Combat
 35928 | Spider:4 | HP: 21/124 [poisoned by a wolf spider]
 36499 | Spider:4 | HP: 20/124 [wolf spider[a broodmother] (10)]
 36771 | Spider:4 | Reached XP level 18. HP: 131/131 MP: 34/34
 36852 | Spider:4 | HP: 25/131 [emperor scorpion (13)]
 37206 | Spider:4 | Got a gossamer rune of Zot
 37235 | Spider:4 | Lost mutation: You are clumsy. (Dex -2) [potion of
                  | mutation]
 37235 | Spider:4 | Lost mutation: You are frail. (-10% HP) [potion of
                  | mutation]
 37235 | Spider:4 | Gained mutation: Armour fits poorly on your strangely
                  | shaped body. [potion of mutation]
 37235 | Spider:4 | Gained mutation: You are agile. (Dex +4, Str/Int -1)
                  | [potion of mutation]
 37236 | Spider:4 | Lost mutation: You are agile. (Dex +4, Str/Int -1) [potion
                  | of mutation]
 37236 | Spider:4 | Lost mutation: Armour fits poorly on your strangely shaped
                  | body. [potion of mutation]
 37236 | Spider:4 | Gained mutation: You passively map a small area around you.
                  | [potion of mutation]
 37236 | Spider:4 | Gained mutation: You have sharp toenails. [potion of
                  | mutation]
 37236 | Spider:4 | Gained mutation: You occasionally lose the ability to drink
                  | potions when taking damage. [potion of mutation]
 37237 | Spider:4 | Lost mutation: You have sharp toenails. [potion of
                  | mutation]
 37237 | Spider:4 | Lost mutation: You occasionally lose the ability to drink
                  | potions when taking damage. [potion of mutation]
 37237 | Spider:4 | Lost mutation: You passively map a small area around you.
                  | [potion of mutation]
 37237 | Spider:4 | Gained mutation: Your spells are a little harder to cast,
                  | but a little more powerful. [potion of mutation]
 37237 | Spider:4 | Gained mutation: Your muscles are strong. (Str +4, Int/Dex
                  | -1) [potion of mutation]
 37648 | Orc:2    | Bought the +7 hand crossbow "Umuokk" {drain, Dex+6} for
                  | 1096 gold pieces
 37860 | Swamp:1  | Entered Level 1 of the Swamp
 38067 | Swamp:1  | Noticed Jorgrun
 38075 | Swamp:1  | Killed Jorgrun
 38328 | Swamp:1  | Identified the +6 arbalest of Wondrous Power {penet, rC+
                  | Str+3}
 38405 | Swamp:1  | Received a gift from Trog
 38516 | Swamp:1  | Reached skill level 15 in Stealth
 40461 | Swamp:3  | HP: 28/147 [poison]
 40470 | Swamp:3  | HP: 22/147 [??? (15)]
 41128 | Swamp:4  | Entered Level 4 of the Swamp
 41645 | Swamp:4  | Reached skill level 18 in Unarmed Combat
 41760 | Swamp:4  | Received a gift from Trog
 41942 | Swamp:4  | Reached XP level 19. HP: 153/153 MP: 36/36
 42260 | Swamp:4  | Got a decaying rune of Zot
 42663 | Swamp:4  | jfcaron: ??order
 42663 | Swamp:4  | beem: hyperelliptic[1/2]: D:11 -> Lair -> D:12 -> Orc ->
                  | D:15 -> S:3 -> maybe other S:3 -> get both S runes -> maybe
                  | Elf (but not the Elf:3 vault) -> Vaults:4 -> maybe Crypt ->
                  | Depths:4 -> Vaults:5 -> maybe Slime -> Zot ("S" means
                  | Shoals/Snake/Spider/Swamp)
 42960 | Elf:1    | Entered Level 1 of the Elven Halls
 42993 | Elf:1    | Found a transporter.
 43052 | Elf:1    | Found Xeurysen's Antique Armour Boutique.
 43079 | Elf:1    | Got Sif Muna's Catalogue of Telluric Anathema
 43207 | Elf:1    | Received a gift from Trog
 43284 | Elf:1    | Got the Atlas of Somewhere Else
 43302 | Elf:1    | Noticed jpeg9000's ghost (adept DsGl)
 43558 | Elf:1    | Found a transporter.
 43729 | Elf:1    | Killed jpeg9000's ghost
 43896 | Elf:1    | Identified the staff of cold "Olirr" {rC+ Str+5 Int-3 SInv}
 43927 | Elf:2    | Found a flickering gateway to a bazaar.
 43987 | Bazaar   | Entered a bazaar
 43987 | Bazaar   | Found Wot Qyg's Distillery.
 43987 | Bazaar   | Found Doscha's Distillery.
 44082 | Bazaar   | Found Yradesa's Antique Weapon Shoppe.
 44098 | Bazaar   | Found Dudin's Distillery.
 44118 | Bazaar   | Bought a potion of curing for 36 gold pieces
 44118 | Bazaar   | Bought a potion of lignification for 36 gold pieces
 44118 | Bazaar   | Bought a potion of resistance for 120 gold pieces
 44118 | Bazaar   | Bought a potion of mutation for 96 gold pieces
 44122 | Bazaar   | Bought a potion of haste for 130 gold pieces
 44122 | Bazaar   | Bought a potion of curing for 39 gold pieces
 44122 | Bazaar   | Bought a potion of curing for 39 gold pieces
 44122 | Bazaar   | Bought a potion of curing for 39 gold pieces
 44122 | Bazaar   | Bought a potion of lignification for 39 gold pieces
 44122 | Bazaar   | Bought a potion of lignification for 39 gold pieces
 44122 | Bazaar   | Bought a potion of lignification for 39 gold pieces
 44128 | Bazaar   | Bought a potion of might for 44 gold pieces
 44224 | Elf:2    | Received a gift from Trog
 44227 | Elf:2    | Reached skill level 15 in Fighting
 44227 | Elf:2    | Reached skill level 15 in Axes
 44635 | Elf:2    | Got the Opusculum on the Gestalt and Blasts
 45240 | Elf:2    | Found Cosaxotu's Book Shop.
 45405 | Elf:2    | Reached skill level 15 in Invocations
 45412 | Elf:2    | Found a runed translucent gate.
 45413 | Elf:2    | Found a runed translucent gate.
 45413 | Elf:2    | Found a runed translucent gate.
 46035 | Elf:2    | Reached skill level 19 in Unarmed Combat
 46214 | Elf:2    | Received a gift from Trog
 46215 | Elf:2    | Reached XP level 20. HP: 162/162 MP: 37/37
 47031 | Elf:3    | Entered Level 3 of the Elven Halls
 47071 | Elf:3    | Paralysed by an air elemental for 1 turns
 47242 | Elf:3    | HP: 21/148 [something (22)]
 47250 | Elf:3    | HP: 22/144 [deep elf death mage/bolt of negative energy
                  | (21)]
 48457 | Elf:3    | HP: 29/155 [deep elf annihilator/crystal spear (32)]
 48462 | Elf:3    | HP: 23/155 [poisoned by a deep elf annihilator (poison
                  | arrow)]
 48470 | Elf:3    | HP: 7/155 [deep elf blademaster/+0 rapier (19)]
 48471 | Elf:3    | Slain by a deep elf blademaster

Illustrated notes

Levels and vault maps discovered:
D:1:      ldierk_walled_garden, layout_rooms, serial_shops, shop
D:2:      minmay_diamond_boxcup, layout_rooms
D:3:      layout_rooms, mainiacjoe_overflow_large_starburst, corexii_shack,
          nrook_loot_triangle
D:4:      layout_basic, minmay_temple_entry_wispy, minmay_manual_macuahuitl,
          uniq_blork_the_orc
D:5:      dreamdust_elfheim, layout_rooms, nicolae_overflow_hidden_temple
D:6:      layout_cave_pools, mainiacjoe_overflow_surrounded_room,
          mainiacjoe_overflow_alcove_4, ebering_ghost_inner_flame,
          uniq_eustachio, uniq_grinder
D:7:      layout_loops_ring, kennysheep_mini_moat, enter_ossuary_4,
          serial_shops, shop, hellmonk_no_cap, uniq_menkaure
D:8:      cheibrodos_ideogram_h, layout_basic, makhleb_blood_cavern_becter,
          evilmike_ruin_ashenzari, minmay_overflow_temple_star_quad,
          lair_entry_dummy, uniq_pikel
D:9:      layout_gridville, serial_shops, nicolae_shop_waterfront,
          minmay_checkerbox
D:10:     layout_small_grid, mainiacjoe_overflow_small_starburst,
          gammafunk_ghost_hive, nicolae_zen_rock_garden
D:11:     layout_gridville, orc_0_dummy, serial_shops, shop, uniq_harold
D:12:     dragon1_lemuel, layout_stronghold
D:13:     layout_roguey [special_room_bee], uniq_snorg
D:14:     layout_rooms, david_vaults_3, serial_park_square3
          [serial_park_minivault_5x5_7], special_room [special_room_orc],
          minmay_statue_bubble
D:15:     grunt_enter_depths_magical_seal, layout_stronghold,
          hangedman_weighted_door
Lair:1:   layout_loops_ring, lemuel_fruit_tree, serial_bayou_shore_a,
          grunt_megastairs_1, uniq_nergalle
Lair:2:   layout_hall_layers, spider_nest_entry_rubble,
          grunt_forest_large_clearing_hut, infiniplex_staircase_pool_2
Lair:3:   layout_roguey, swamp_mist, infiniplex_staircase_pool
Lair:4:   layout_gridlike, minmay_slime_entry_oklob_open,
          ebering_ghost_disaster_area
Lair:5:   minmay_lair_end_frog_pond, layout_gridlike
Swamp:1:  layout_basic_swamp, nicolae_swamp_ascending_descending, uniq_jorgrun
Swamp:2:  layout_falls_marsh, evilmike_swamp_ruin_house_2, swamp_pool5
Swamp:3:  layout_basic_swamp, hangedman_swamp_ruin_wall, swamp_pool2,
          nicolae_swamp_spooky_pond
Swamp:4:  grunt_swamp_rune_castle, layout_basic_swamp
Spider:1: layout_spider_delve, hellmonk_test_site
Spider:2: layout_spider_delve, uniq_frances, uniq_louise, uniq_roxanne
Spider:3: nicolae_spider_broodchamber
Spider:4: grunt_spider_rune_parallel
Orc:1:    layout_caves, trog_butcher_becter, uniq_maurice
Orc:2:    st_orc_mages, layout_caves, portal_ice_cave_entry_animals_and_master,
          nicolae_shop_firing_range
Elf:1:    eino_elf_arrival_the_gate, layout_gridlike, serial_shops, shop,
          gammafunk_ghost_arena, minmay_elf_demonology
Elf:2:    nicolae_elf_blades_crystal_corner, layout_loops_corners, serial_shops,
          bzr_entry_customers, nicolae_shop_trees, serial_sigils_hangedman_stare
Elf:3:    minmay_elf_hall_dome, layout_rooms, nicolae_elf_deep_mausoleum

Skill      XL: |  1  2  3  4  5  6  7  8  9 10 11 12 13 14 15 16 17 18 19 20 |
---------------+-------------------------------------------------------------+-----
Invocations    | 1 2 3 4 5 6 7 8 9 10 11 12 13 14 15 | 15.3
Short Blades   | 1 2 3 5 6 7 8 9 10 11 12 13 14 | 14.1
Long Blades    | 1 2 3 5 6 7 8 9 10 11 12 13 14 | 14.1
Maces & Flails | 1 2 3 5 6 7 8 9 10 11 12 13 14 | 14.1
Polearms       | 1 2 3 5 6 7 8 9 10 11 12 13 14 | 14.1
Staves         | 1 2 3 5 6 7 8 9 10 11 12 13 14 | 14.1
Ranged Weapons | 1 2 3 5 6 7 8 9 10 11 12 13 14 | 14.1
Throwing       | 1 2 3 5 6 7 8 9 10 11 12 13 14 | 14.1
Stealth        | 1 2 3 5 6 7 8 9 10 11 13 14 15 16 17 | 17.2
Shields        | 1 2 3 5 6 7 8 9 10 11 12 13 14 | 14.1
Unarmed Combat | 1 2 3 5 6 8 9 11 12 13 14 16 17 18 19 | 19.3
Spellcasting   | 1 2 3 5 6 7 8 9 10 11 12 13 14 | 14.1
Evocations     | 1 2 3 5 6 7 8 9 10 11 12 13 14 | 14.1
Conjurations   | 1 2 3 4 5 6 7 8 9 10 11 12 | 12.0
Hexes          | 1 2 3 4 5 6 7 8 9 10 11 12 | 12.0
Summonings     | 1 2 3 4 5 6 7 8 9 10 11 12 | 12.0
Necromancy     | 1 2 3 4 5 6 7 8 9 10 11 12 | 12.0
Translocations | 1 2 3 4 5 6 7 8 9 10 11 12 | 12.0
Transmutations | 1 2 3 4 5 6 7 8 9 10 11 12 | 12.0
Fire Magic     | 1 2 3 4 5 6 7 8 9 10 11 12 | 12.0
Ice Magic      | 1 2 3 4 5 6 7 8 9 10 11 12 | 12.0
Air Magic      | 1 2 3 4 5 6 7 8 9 10 11 12 | 12.0
Earth Magic    | 1 2 3 4 5 6 7 8 9 10 11 12 | 12.0
Poison Magic   | 1 2 3 4 5 6 7 8 9 10 11 12 13 14 | 14.3
Armour         | 5 6 7 8 9 10 11 12 13 14 | 14.8
Dodging        | 5 6 7 8 9 10 11 12 13 14 | 14.8
Fighting       | 7 8 9 10 11 12 13 14 15 | 15.4
Axes           | 7 8 9 10 11 12 13 14 15 | 15.4

Action                     |  1- 3 |  4- 6 |  7- 9 | 10-12 | 13-15 | 16-18 | 19-21 || total
---------------------------+-------+-------+-------+-------+-------+-------+-------++-------
  Melee: Hand axe          |    75 |   116 |       |   203 |  1481 |       |       ||  1875
         Bite              |     7 |    10 |    34 |    85 |   251 |   210 |    64 ||   661
         Punch             |     1 |     2 |     9 |    13 |       |       |       ||    25
         War axe           |       |       |   277 |   356 |   154 |   720 |       ||  1507
         Flail             |       |       |       |    13 |       |       |       ||    13
         Morningstar       |       |       |       |     6 |     8 |    27 |    16 ||    57
         Broad axe         |       |       |       |       |       |   506 |   492 ||   998
   Fire: Hand crossbow     |       |       |       |       |       |   248 |   202 ||   450
  Throw: Stone             |    12 |    15 |    36 |    50 |    53 |    43 |       ||   209
         Boomerang         |       |    37 |   110 |     6 |   248 |   290 |     7 ||   698
         Dart              |       |     4 |     3 |    94 |   161 |    45 |       ||   307
         Javelin           |       |       |    15 |    13 |     8 |     4 |     6 ||    46
         Throwing net      |       |       |       |     2 |       |       |       ||     2
 Invoke: Berserk           |     1 |     2 |     2 |     6 |     1 |     5 |       ||    17
         Trog's Hand       |       |       |     1 |     1 |     3 |     2 |     1 ||     8
         Brothers in Arms  |       |       |       |     4 |     2 |     3 |     3 ||    12
  Evoke: Wand              |       |     1 |     7 |    44 |     4 |    13 |     4 ||    73
         Phantom mirror    |       |       |       |       |     1 |     2 |     1 ||     4
         Condenser vane    |       |       |       |       |     2 |     3 |     2 ||     7
         Lightning rod     |       |       |       |       |       |    12 |    11 ||    23
         Box of beasts     |       |       |       |       |       |       |     1 ||     1
    Use: Scroll            |     4 |     7 |    11 |    10 |     9 |    10 |     2 ||    53
         Potion            |       |       |     1 |    10 |     2 |    12 |     3 ||    28
   Stab: Sleeping          |     1 |     1 |       |     2 |     5 |     2 |       ||    11
         Invisible         |       |       |       |    13 |       |       |       ||    13
         Held in net/web   |       |       |       |     1 |       |       |       ||     1
         Petrified         |       |       |       |       |       |     4 |       ||     4
         Distracted        |       |       |       |       |       |     3 |     1 ||     4
         Confused          |       |       |       |       |       |     2 |       ||     2
 Armour: Animal skin       |     2 |       |       |       |       |       |       ||     2
         Leather armour    |    21 |    23 |       |       |       |       |       ||    44
         Scale mail        |       |    30 |   136 |   198 |       |       |       ||   364
         Steam dragon scal |       |       |    32 |    59 |       |       |       ||    91
         Skin              |       |       |       |   123 |       |       |       ||   123
         Pearl dragon scal |       |       |       |       |   472 |   758 |   268 ||  1498
  Dodge: Dodged            |    41 |    70 |   200 |   378 |   491 |   705 |   230 ||  2115
  Block: Kite shield       |       |       |       |   176 |  1220 |  1369 |   477 ||  3242
         Reflection        |       |       |       |       |    20 |    12 |    38 ||    70

Table legend: (Time is in decaauts)
 A = Elapsed time spent in this place.
 B = Non-inter-level travel time spent in this place.
 C = Inter-level travel time spent in this place.
 D = Time resting spent in this place.
 E = Time spent auto-exploring this place.
 F = Levels seen in this place.
 G = Mean time per level.
                   A        B        C        D        E       F      G
               +--------+--------+--------+--------+--------+-----+--------+
         Total |  48605 |  44133 |   4472 |  12320 |  21970 |  36 | 1350.1 |
       Dungeon |  17415 |  15168 |   2247 |   2417 |   9372 |  15 | 1161.0 |
          Lair |   7198 |   6416 |    782 |    811 |   4224 |   5 | 1439.6 |
         Swamp |   4962 |   4740 |    222 |   1776 |   1868 |   4 | 1240.5 |
   Spider Nest |   9594 |   8907 |    687 |   4109 |   3001 |   4 | 2398.5 |
  Orcish Mines |   2383 |   2036 |    347 |    423 |   1022 |   2 | 1191.5 |
   Elven Halls |   5388 |   5203 |    185 |   2176 |   1943 |   3 | 1796.0 |
        Bazaar |    148 |    148 |      0 |      0 |    121 |   1 |  148.0 |
       Ossuary |    585 |    585 |      0 |    100 |    294 |   1 |  585.0 |
      Ice Cave |    928 |    928 |      0 |    506 |    124 |   1 |  928.0 |
               +--------+--------+--------+--------+--------+-----+--------+

Top non-repeatable levels by time:
Spider:1: 3453 daAuts
   Elf:2: 3434 daAuts
Spider:4: 2617 daAuts
     D:8: 2035 daAuts
Spider:2: 1782 daAuts
Spider:3: 1740 daAuts
   Orc:2: 1706 daAuts
  Lair:4: 1702 daAuts
     D:9: 1612 daAuts
     D:7: 1592 daAuts
 Swamp:4: 1585 daAuts
  Lair:5: 1571 daAuts
    D:15: 1518 daAuts
  Lair:2: 1473 daAuts
 Swamp:3: 1297 daAuts

Table legend:
 A = Kills in this place as a percentage of kills in the entire game.
 B = Kills by you in this place as a percentage of kills by you in the entire game.
 C = Kills by friends in this place as a percentage of kills by friends in the entire game.
 D = Other kills in this place as a percentage of other kills in the entire game.
 E = Experience gained in this place as a percentage of experience gained in the entire game.
 F = Experience gained in this place divided by the number of levels of this place that you have seen.
                   A       B       C       D       E      F
               +-------+-------+-------+-------+-------+----------------------
         Total | 100.0 | 100.0 | 100.0 | 100.0 | 100.0 | 11971.5
       Dungeon |  33.0 |  33.1 |  32.3 |  20.0 |  19.9 | 5719.6
          Lair |  12.7 |  13.0 |   3.2 |   0.0 |   9.7 | 8326.0
         Swamp |  10.9 |  10.9 |   3.2 |  40.0 |  18.2 | 19580.5
   Spider Nest |  18.6 |  19.0 |   3.2 |  20.0 |  24.1 | 25989.5
  Orcish Mines |   9.7 |   9.2 |  32.3 |   0.0 |   3.3 | 7022.5
   Elven Halls |  11.8 |  11.4 |  25.8 |  20.0 |  24.0 | 34457.0
       Ossuary |   1.2 |   1.2 |   0.0 |   0.0 |   0.1 | 373.0
      Ice Cave |   2.1 |   2.2 |   0.0 |   0.0 |   0.8 | 3480.0
               +-------+-------+-------+-------+-------+----------------------

Levels and vault maps discovered:
D:1:      ldierk_walled_garden, layout_rooms, serial_shops, shop
D:2:      minmay_diamond_boxcup, layout_rooms
D:3:      layout_rooms, mainiacjoe_overflow_large_starburst, corexii_shack,
          nrook_loot_triangle
D:4:      layout_basic, minmay_temple_entry_wispy, minmay_manual_macuahuitl,
          uniq_blork_the_orc
D:5:      dreamdust_elfheim, layout_rooms, nicolae_overflow_hidden_temple
D:6:      layout_cave_pools, mainiacjoe_overflow_surrounded_room,
          mainiacjoe_overflow_alcove_4, ebering_ghost_inner_flame,
          uniq_eustachio, uniq_grinder
D:7:      layout_loops_ring, kennysheep_mini_moat, enter_ossuary_4,
          serial_shops, shop, hellmonk_no_cap, uniq_menkaure
D:8:      cheibrodos_ideogram_h, layout_basic, makhleb_blood_cavern_becter,
          evilmike_ruin_ashenzari, minmay_overflow_temple_star_quad,
          lair_entry_dummy, uniq_pikel
D:9:      layout_gridville, serial_shops, nicolae_shop_waterfront,
          minmay_checkerbox
D:10:     layout_small_grid, mainiacjoe_overflow_small_starburst,
          gammafunk_ghost_hive, nicolae_zen_rock_garden
D:11:     layout_gridville, orc_0_dummy, serial_shops, shop, uniq_harold
D:12:     dragon1_lemuel, layout_stronghold
D:13:     layout_roguey [special_room_bee], uniq_snorg
D:14:     layout_rooms, david_vaults_3, serial_park_square3
          [serial_park_minivault_5x5_7], special_room [special_room_orc],
          minmay_statue_bubble
D:15:     grunt_enter_depths_magical_seal, layout_stronghold,
          hangedman_weighted_door
Lair:1:   layout_loops_ring, lemuel_fruit_tree, serial_bayou_shore_a,
          grunt_megastairs_1, uniq_nergalle
Lair:2:   layout_hall_layers, spider_nest_entry_rubble,
          grunt_forest_large_clearing_hut, infiniplex_staircase_pool_2
Lair:3:   layout_roguey, swamp_mist, infiniplex_staircase_pool
Lair:4:   layout_gridlike, minmay_slime_entry_oklob_open,
          ebering_ghost_disaster_area
Lair:5:   minmay_lair_end_frog_pond, layout_gridlike
Swamp:1:  layout_basic_swamp, nicolae_swamp_ascending_descending, uniq_jorgrun
Swamp:2:  layout_falls_marsh, evilmike_swamp_ruin_house_2, swamp_pool5
Swamp:3:  layout_basic_swamp, hangedman_swamp_ruin_wall, swamp_pool2,
          nicolae_swamp_spooky_pond
Swamp:4:  grunt_swamp_rune_castle, layout_basic_swamp
Spider:1: layout_spider_delve, hellmonk_test_site
Spider:2: layout_spider_delve, uniq_frances, uniq_louise, uniq_roxanne
Spider:3: nicolae_spider_broodchamber
Spider:4: grunt_spider_rune_parallel
Orc:1:    layout_caves, trog_butcher_becter, uniq_maurice
Orc:2:    st_orc_mages, layout_caves, portal_ice_cave_entry_animals_and_master,
          nicolae_shop_firing_range
Elf:1:    eino_elf_arrival_the_gate, layout_gridlike, serial_shops, shop,
          gammafunk_ghost_arena, minmay_elf_demonology
Elf:2:    nicolae_elf_blades_crystal_corner, layout_loops_corners, serial_shops,
          bzr_entry_customers, nicolae_shop_trees, serial_sigils_hangedman_stare
Elf:3:    minmay_elf_hall_dome, layout_rooms, nicolae_elf_deep_mausoleum
